 Dungeon Crawl Stone Soup version 0.27-a0-773-gaaee5cf45b (webtiles) character file.

Game seed: 4623426645268939049

1855 porpoise the Sneak (level 9, -5/91 HPs)
             Began as an Octopode Venom Mage on Mar 26, 2021.
             Was an Initiate of Gozag.
             Slain by a hornet zombie (11 damage)
             ... on level 6 of the Dungeon.
             The game lasted 00:44:33 (8395 turns).

porpoise the Sneak (Octopode Venom Mage)            Turns: 8395, Time: 00:44:34

Health: -5/91      AC:  1    Str:  7    XL:     9   Next: 12%
Magic:  3/13       EV: 15    Int: 19    God:    Gozag
Gold:   256        SH:  0    Dex: 14    Spells: 1/14 levels left

rFire    . . .     SeeInvis .   a - +3 dagger
rCold    . . .     Faith    .   (no shield)
rNeg     . . .     Spirit   .   (helmet restricted)
rPois    +         Reflect  .   (no amulet)
rElec    .         Harm     .   f - ring of poison resistance
rCorr    .         Rampage  .   (no ring)
Will     .....                  (no ring)
Stlth    ..........             (no ring)
HPRegen  0.25/turn              (no ring)
MPRegen  0.13/turn              (no ring)
                                (no ring)
                                (no ring)

@: berserking, very quick
A: almost no armour, amphibious, 8 rings, camouflage 1, gelatinous body 1,
nimble swimmer 1, tentacles
a: Renounce Religion, Potion Petition, Call Merchant, Bribe Branch


You were on level 6 of the Dungeon.
You worshipped Gozag.
Gozag was aware of your devotion.
You visited 2 branches of the dungeon, and saw 7 of its levels.

You collected 290 gold pieces.
You paid 34 gold pieces to Gozag.

Inventory:

Hand Weapons
 a - a +3 dagger (weapon)
 b - a +0 hunting sling
 g - a +2 whip of venom
Missiles
 c - 5 boomerangs (quivered)
 h - 39 sling bullets
 l - 21 poisoned darts
 s - 36 bolts
Jewellery
 f - a ring of poison resistance (left tentacle)
Wands
 p - a wand of paralysis (3)
Scrolls
 e - a scroll of enchant armour {unknown}
 o - a scroll of amnesia {unknown}
 q - 2 scrolls of vulnerability
Potions
 d - a potion of lignification
 j - a potion of might
 k - a potion of ambrosia
 m - a potion of heal wounds
 n - a potion of haste {unknown}
 r - a potion of mutation {unknown}


   Skills:
 - Level 5.0 Fighting
 - Level 5.0 Dodging
 - Level 7.0 Stealth
 - Level 3.0 Spellcasting
 + Level 4.2 Transmutations
 + Level 4.0 Fire Magic
 - Level 3.0 Air Magic
 - Level 5.0 Poison Magic
 + Level 1.3 Evocations


You had one spell level left.
You knew the following spells:

 Your Spells              Type           Power      Damage    Failure   Level
a - Sting                 Tmut/Pois      80%        1d7       2%          1
b - Poisonous Vapours     Pois/Air       36%        N/A       4%          2
i - Ignite Poison         Fire/Tmut/Pois 19%        N/A       8%          3
m - Mephitic Cloud        Conj/Pois/Air  12%        N/A       16%         3
o - Olgreb's Toxic Radia  Pois           21%        N/A       19%         4

Your spell library contained the following spells:

 Spells                   Type           Power      Damage    Failure   Level


Dungeon Overview and Level Annotations

Branches:
Dungeon (6/15)             Temple (1/1) D:5

Altars:
Ashenzari
Cheibriados
Dithmenos
Elyvilon
Fedhas
Gozag
Kikubaaqudgha
Makhleb
Qazlal
Ru
Sif Muna
Trog
Uskayaw
Vehumet
Wu Jian
Xom
Yredelemnul
Zin
The Shining One

Shops:
D:1 :   D:6 :

Annotations:
D:4 3 runed translucent doors, Dowan; Duvessa; Grinder; tinescath's ghost, amateur DjGl


Innate Abilities, Weirdness & Mutations

You cannot wear most types of armour.
You are amphibious.
You can wear up to eight rings at the same time.
Your skin changes colour to match your surroundings (Stealth+).
Your rubbery body absorbs attacks. (AC +1, EV +1)
You are stealthy while swimming. (Stealth+)
You have tentacles for arms and can constrict up to eight enemies at once.


Message History

Aim: a hornet zombie (21% to evade)
The sting hits the hornet zombie.
The hornet zombie partially resists.
The hornet zombie is lightly damaged.
The hornet zombie hits you!
You hit the hornet zombie. You grab the hornet zombie.
The hornet zombie is lightly damaged.
You constrict the hornet zombie. The hornet zombie closely misses you.
You hit the hornet zombie but do no damage.
The hornet zombie is lightly damaged.
You constrict the hornet zombie, but do no damage.
The hornet zombie completely misses you.
You barely miss the hornet zombie.
The hornet zombie is lightly damaged.
You constrict the hornet zombie, but do no damage.
The hornet zombie hits you! The hornet zombie barely misses you.
You hit the hornet zombie but do no damage.
The hornet zombie is lightly damaged.
You constrict the hornet zombie. The hornet zombie misses you.
You barely miss the hornet zombie. You squeeze the hornet zombie.
The hornet zombie is moderately damaged.
You constrict the hornet zombie. The hornet zombie hits you.
Casting: Sting (safe; 2% risk of failure)
Confirm with . or Enter, or press ? or * to list all spells.
Aiming: Sting (safe; 2% risk of failure)
Press: ? - help, Shift-Dir - straight line, f/p - hornet zombie
Aim: a hornet zombie (moderately damaged, constricted by you, 5% to evade)
The sting hits the hornet zombie.
The hornet zombie partially resists.
The hornet zombie is moderately damaged.
You constrict the hornet zombie. The hornet zombie closely misses you.
A red film seems to cover your vision as you go berserk!
You feel yourself moving faster!
You feel mighty!
You constrict the hornet zombie. The hornet zombie hits you!
* * * LOW HITPOINT WARNING * * *
The hornet zombie hits you!
* * * LOW HITPOINT WARNING * * *
You hit the hornet zombie but do no damage.
The hornet zombie is heavily damaged.
You constrict the hornet zombie. The hornet zombie hits you!
You die...
Your body crumbles into a pile of gold.

###########
#.....)...# .
####[........#(.
.......@Z$(($((.
####.((.$....#.
####..!))....#
........######
#######)# #.##
#..# ##.## #..#


You could see a hornet zombie.

Vanquished Creatures
  Sigmund (D:4)
  Eustachio (D:5)
  An orc warrior (D:6)
  A sky beast (D:5)
  2 ice beasts (D:5)
  An ogre (D:5)
  A phantom (D:4)
  Blork the orc (D:4)
  2 water moccasin skeletons
  3 jellies
  A bullfrog skeleton (D:6)
  3 orc priests
  2 centaur skeletons
  2 iguanas
  Natasha (thrice) (D:3)
  Terence (D:2)
  8 orc wizards
  A hound zombie (D:5)
  A hound skeleton (D:4)
  A mummy (D:4)
  Robin (D:2)
  3 adders
  7 gnolls
  A shadow imp (D:6)
  2 dart slugs (D:2)
  22 orcs
  2 endoplasms
  2 giant cockroaches
  17 goblins
  7 hobgoblins
  6 quokkas
  9 ball pythons
  8 bats
  4 frilled lizards (D:2)
  11 kobolds
  2 orc zombies (D:4)
  3 rats
144 creatures vanquished.

Notes
Turn   | Place    | Note
-------+----------+-------------------------------------------
     0 | D:1      | porpoise the Octopode Venom Mage began the quest for the
                  | Orb.
     0 | D:1      | Reached XP level 1. HP: 11/11 MP: 3/3
   248 | D:1      | Found Zugou's Book Boutique.
   261 | D:1      | Reached skill level 3 in Stealth
   288 | D:1      | Reached XP level 2. HP: 18/18 MP: 5/5
   332 | D:1      | Reached skill level 1 in Fighting
   687 | D:2      | Reached XP level 3. HP: 1/23 MP: 0/6
  1341 | D:2      | Learned a level 2 spell: Poisonous Vapours
  1345 | D:2      | Learned a level 3 spell: Ignite Poison
  1703 | D:2      | Reached skill level 4 in Stealth
  1703 | D:2      | Reached XP level 4. HP: 14/29 MP: 5/7
  1965 | D:2      | Noticed Terence
  1981 | D:2      | Killed Terence
  2519 | D:2      | Reached XP level 5. HP: 35/35 MP: 3/8
  2574 | D:3      | Noticed Robin
  2642 | D:3      | Found a broken altar of Ashenzari.
  2747 | D:2      | Reached skill level 5 in Poison Magic
  3036 | D:2      | Reached skill level 5 in Stealth
  3127 | D:3      | Noticed Natasha
  3136 | D:3      | Killed Natasha
  3137 | D:3      | Reached skill level 1 in Air Magic
  3168 | D:3      | Noticed Natasha
  3252 | D:3      | Killed Natasha
  3253 | D:3      | Reached XP level 6. HP: 37/42 MP: 4/9
  3337 | D:3      | Noticed Natasha
  3346 | D:3      | Killed Natasha
  3643 | D:2      | Killed Robin
  4378 | D:4      | Noticed Blork the orc
  4522 | D:4      | Reached XP level 7. HP: 27/48 MP: 6/10
  4743 | D:4      | Killed Blork the orc
  4744 | D:4      | Reached skill level 6 in Stealth
  4959 | D:4      | Found a runed translucent gate.
  4959 | D:4      | Found a runed translucent gate.
  4959 | D:4      | Found a runed translucent gate.
  4961 | D:4      | Noticed tinescath's ghost (amateur DjGl)
  4975 | D:4      | Reached skill level 5 in Fighting
  5095 | D:4      | Found a stormy altar of Qazlal.
  5641 | D:4      | Noticed Sigmund
  5644 | D:4      | Noticed Grinder
  5646 | D:4      | Noticed Duvessa
  5647 | D:4      | Noticed Dowan
  5666 | D:4      | Killed Sigmund
  5667 | D:4      | Reached skill level 7 in Stealth
  5667 | D:4      | Reached XP level 8. HP: 15/55 MP: 3/12
  6017 | D:5      | Entered Level 5 of the Dungeon
  6017 | D:5      | Noticed Eustachio
  6044 | D:5      | Killed Eustachio
  6045 | D:5      | Reached skill level 1 in Fire Magic
  6879 | D:5      | Found a staircase to the Ecumenical Temple.
  6889 | Temple   | Entered the Ecumenical Temple
  7070 | Temple   | Became a worshipper of Gozag Ym Sagoz the Greedy
  8085 | D:6      | Found Uxkeatud's Book Boutique.
  8097 | D:6      | Learned a level 3 spell: Mephitic Cloud
  8102 | D:6      | Learned a level 4 spell: Olgreb's Toxic Radiance
  8126 | D:6      | Reached XP level 9. HP: 61/61 MP: 13/13
  8227 | D:6      | Found a glowing silver altar of Zin.
  8290 | D:6      | Reached skill level 5 in Dodging
  8383 | D:6      | Reached skill level 1 in Evocations
  8395 | D:6      | Slain by a hornet zombie

Illustrated notes

Levels and vault maps discovered:
D:1:      dpeg_arrival_tiny_h, layout_basic, serial_shops,
          nicolae_shop_temple_entry_statues_fountains, minmay_misc_feat_tower,
          minmay_misc_feat_iff
D:2:      layout_loops_corners, st_stairs_10, kennysheep_path_1,
          minmay_heptomino_h4, uniq_terence
D:3:      layout_basic, overflow_temple_1_default, uniq_robin, uniq_natasha
D:4:      layout_basic, nicolae_qazlal_general_emergency,
          ebering_ghost_rock_garden, nicolae_ossuary_entry_giza,
          grunt_decor_cap, chequers_serial_rivers_small_b,
          minmay_misc_feat_rows, uniq_blork_the_orc, uniq_grinder, uniq_duvessa,
          uniq_sigmund
D:5:      layout_gridville, minmay_temple_entry_butterflies,
          kennysheep_generic_room_15, uniq_eustachio
D:6:      layout_basic, kennysheep_okawaru_gauntlet, overflow_temple_1_default,
          serial_shops, shop
Temple:   eino_temple_scatter_basement

Skill      XL: |  1  2  3  4  5  6  7  8  9 |
---------------+----------------------------+-----
Stealth        | 3 4 5 7 |  7.0
Fighting       | 1 2 3 4 5 |  5.0
Poison Magic   | 4 5 |  5.0
Air Magic      | 1 2 3 |  3.0
Dodging        | 3 4 5 |  5.0
Spellcasting   | 3 |  3.0
Fire Magic     | 3 4 |  4.0
Transmutations | 3 4 |  4.2
Evocations     | 1 |  1.3

Action                   |  1- 3 |  4- 6 |  7- 9 || total
-------------------------+-------+-------+-------++-------
Melee: Dagger            |    34 |    63 |    81 ||   178
       Constrict         |     6 |    23 |    10 ||    39
       Tentacles         |     1 |     9 |    12 ||    22
 Fire: Hunting sling     |       |       |    26 ||    26
Throw: Dart              |       |     5 |       ||     5
       Boomerang         |       |       |     2 ||     2
 Cast: Sting             |    25 |    46 |    26 ||    97
       Poisonous Vapours |       |    32 |    51 ||    83
Evoke: Wand              |       |       |     1 ||     1
  Use: Potion            |       |     2 |     2 ||     4
       Scroll            |       |     4 |     6 ||    10
 Stab: Sleeping          |     8 |     2 |    10 ||    20
Armor: Skin              |     6 |     5 |     4 ||    15
Dodge: Dodged            |    18 |    64 |    79 ||   161

Table legend: (Time is in decaauts)
 A = Elapsed time spent in this place.
 B = Non-inter-level travel time spent in this place.
 C = Inter-level travel time spent in this place.
 D = Time resting spent in this place.
 E = Time spent auto-exploring this place.
 F = Levels seen in this place.
 G = Mean time per level.
                   A        B        C        D        E       F      G
               +--------+--------+--------+--------+--------+-----+--------+
         Total |   8405 |   8184 |    221 |   4049 |   2509 |   7 | 1200.7 |
       Dungeon |   8211 |   8015 |    196 |   4049 |   2342 |   6 | 1368.5 |
        Temple |    193 |    168 |     25 |      0 |    167 |   1 |  193.0 |
               +--------+--------+--------+--------+--------+-----+--------+

Top non-repeatable levels by time:
     D:2: 2781 daAuts
     D:4: 1748 daAuts
     D:5: 1743 daAuts
     D:3: 938 daAuts
     D:1: 625 daAuts
     D:6: 375 daAuts
  Temple: 193 daAuts
